 Dungeon Crawl Stone Soup version 0.28.0-43-g3370ac3207 (webtiles) character file.

Game seed: 17877370239454186544

91 Peloso the Shield-Bearer (level 4, -1/41 HPs)
             Began as a Minotaur Fighter on Mar 17, 2022.
             Slain by a gnoll
             ... wielding a +0 club
              (5 damage)
             ... on level 2 of the Dungeon.
             The game lasted 00:02:00 (1606 turns).

Peloso the Shield-Bearer (Minotaur Fighter)         Turns: 1606, Time: 00:02:02

Health: -1/41      AC:  7    Str: 21    XL:     4   Next: 34%
Magic:  3/3        EV:  9    Int:  5    God:
Gold:   39         SH:  5    Dex: 11    Spells: 3/3 levels left

rFire   . . .      SeeInvis .   a - +0 long sword
rCold   . . .      Faith    .   c - +0 buckler
rNeg    . . .      Spirit   .   b - +0 scale mail
rPois   .          Reflect  .   (helmet restricted)
rElec   .          Harm     .   (no cloak)
rCorr   .          Rampage  .   (no gloves)
Will    .....                   (no boots)
Stlth   ..........              (no amulet)
HPRegen 0.13/turn               (no ring)
MPRegen 0.08/turn               (no ring)

@: no status effects
A: horns 2, retaliatory headbutt
a: no special abilities


You were on level 2 of the Dungeon.
You visited 1 branch of the dungeon, and saw 2 of its levels.

You collected 39 gold pieces.

Inventory:

Hand Weapons
 a - a +0 long sword (weapon)
Missiles
 l - a throwing net (quivered)
Armour
 b - a +0 scale mail (worn)
 c - a +0 buckler (worn)
Scrolls
 e - 3 scrolls of teleportation {unknown}
 f - a scroll of enchant weapon {unknown}
 i - 4 scrolls of identify {unknown}
 j - a scroll of immolation {unknown}
Potions
 d - 2 potions of might
 h - a potion of brilliance {unknown}
 k - a potion of lignification {unknown}


   Skills:
 + Level 4.3 Fighting
 + Level 3.5 Long Blades
 + Level 4.0 Armour
 + Level 0.4 Dodging
 + Level 0.6 Stealth
 + Level 4.4 Shields


You had 3 spell levels left.
You didn't know any spells.
Your spell library was empty.

Dungeon Overview and Level Annotations

Branches:
Dungeon (2/15)

Altars:


Innate Abilities, Weirdness & Mutations

You have a pair of horns on your head.
You reflexively headbutt those who attack you in melee.


Message History

Things that are here:
a +2 vorpal halberd; a +0 hand axe; a gnoll corpse You block the gnoll's attack.
You hit the gnoll.
The gnoll is lightly wounded.
The gnoll hits you from afar with a +0 spear.
You block the gnoll's attack.
You closely miss the gnoll.
The gnoll is lightly wounded.
You block the gnoll sergeant's attack.
The gnoll hits you from afar with a +0 spear.
The gnoll hits you with a +0 club.
The gnoll sergeant hits you from afar with a +0 spear.
You barely miss the gnoll.
The gnoll is lightly wounded.
The gnoll closely misses you. The gnoll hits you with a +0 club.
* * * LOW HITPOINT WARNING * * *
The gnoll sergeant hits you from afar with a +0 spear.
* * * LOW HITPOINT WARNING * * *
You closely miss the gnoll.
The gnoll is lightly wounded.
The gnoll hits you from afar with a +0 spear.
* * * LOW HITPOINT WARNING * * *
The gnoll barely misses you. You block the gnoll sergeant's attack.
The gnoll hits you from afar with a +0 spear.
* * * LOW HITPOINT WARNING * * *
You block the gnoll's attack.
The gnoll sergeant hits you but does no damage.
You see here a +0 hand axe.
It was a potion of heal wounds.
You feel much better. The gnoll hits you with a +0 club.
The gnoll sergeant hits you from afar with a +0 spear!
You slash the gnoll! Your headbutt misses the gnoll.
The gnoll is severely wounded.
The gnoll hits you with a +0 club.
* * * LOW HITPOINT WARNING * * *
The gnoll sergeant hits you from afar with a +0 spear.
* * * LOW HITPOINT WARNING * * *
The gnoll hits you with a +0 club.
You die...

.###.## ♣)...♣ #............#
......# ♣♣♣..######.######...#.#
#######♣♣♣....#...# ######.......
######♣♣)..♣..#...###...........#
........).....'..). #............
.#####♣♣....♣.#...# #####........
.# ♣♣♣.)..#...#### ##....... .#
♣♣♣.g#### #.# ##...... .# ♣♣ggg@♣
#.#######<)#.. .# ♣♣♣♣♣♣
#....##....... .# ####.##)##...#
.# #.##.##...# .# ##.#...#.... .#
###...#.#..... .# #..÷........##
.# #.#...#.#)..# .#
#.##.#.÷.#..##


You could see a gnoll sergeant and 3 gnolls.

Vanquished Creatures
  2 gnolls (D:2)
  2 adders (D:2)
  2 worms (D:2)
  A dart slug (D:1)
  An orc (D:2)
  5 ball pythons
  2 endoplasms
  A giant cockroach (D:2)
  5 goblins
  5 hobgoblins
  4 jackals
  A quokka (D:1)
  3 bats (D:2)
  7 kobolds
  5 rats
46 creatures vanquished.

Notes
Turn   | Place    | Note
-------+----------+-------------------------------------------
     0 | D:1      | Peloso the Minotaur Fighter began the quest for the Orb.
     0 | D:1      | Reached XP level 1. HP: 19/19 MP: 0/0
    88 | D:1      | Reached XP level 2. HP: 19/27 MP: 1/1
   625 | D:2      | Reached XP level 3. HP: 33/33 MP: 2/2
  1433 | D:2      | Reached XP level 4. HP: 41/41 MP: 3/3
  1439 | D:2      | Found a faded altar of an unknown god.
  1590 | D:2      | Noticed a gnoll sergeant
  1592 | D:2      | Found the +8 woodcutter's axe {vorpal}
  1606 | D:2      | Slain by a gnoll

Illustrated notes

Levels and vault maps discovered:
D:1:      minmay_arrival_five_plusses, layout_rooms, grunt_decor_clamped,
          minmay_pentomino_z4
D:2:      layout_loops_ring, basic_ecumenical_altar,
          pf_guarded_unrand_woodcutter

Skill      XL: |  1  2  3 |
---------------+----------+-----
Shields        | 4 |  4.4
Fighting       | 4 |  4.3
Armour         | 4 |  4.0
Long Blades    | 3 |  3.5
Dodging        | |  0.4
Stealth        | |  0.6

Action                   |  1- 3 |  4- 6 || total
-------------------------+-------+-------++-------
Melee: Long sword        |    85 |    12 ||    97
       Headbutt          |     8 |     2 ||    10
  Use: Potion            |       |     1 ||     1
Armor: Scale mail        |    40 |     2 ||    42
Dodge: Dodged            |    47 |     6 ||    53
Block: Buckler           |    22 |     7 ||    29
